[Event "Titled Tuesday Blitz December 13 Late 2022"]
[White "Oro, Faustino"]
[Black "Bogaudinov, Rushan"]
[WhiteFideId "20000197"]
[BlackFideId "4129288"]
[WhiteElo "1984"]
[BlackElo "2028"]
[Result "0-1"]
[Round "11"]
[TimeControl "180+1"]
[Date "2022.12.14"]
[WhiteClock "0:00:02"]
[BlackClock "0:00:05"]

1. e4 a6 2. d4 e6 3. Nf3 Be7 4. Bd3 b5 5. O-O Bb7 6. Qe2 Nf6 7. Rd1 d6 8. c3 c5 9. dxc5 dxc5 10. Bxb5+ Nbd7 11. Bxd7+ Nxd7 12. Ne5 Bc8 13. Bf4 f6 14. Qh5+ g6 15. Nxg6 hxg6 16. Qxh8+ Bf8 17. Bd6 Kf7 18. Bxf8 Qxf8 19. Qh7+ Qg7 20. Qxg7+ Kxg7 21. Na3 Nb6 22. Rd6 Rb8 23. b3 Kf7 24. Rad1 Ke7 25. Nc2 Nd5 26. Rc6 Nxc3 27. Rc7+ Ke8 28. Rd3 Nxe4 29. f3 Ng5 30. Ne3 f5 31. Nc4 Nf7 32. Rxc5 Bb7 33. Ne5 Nxe5 34. Rxe5 Ke7 35. Kf2 Rc8 36. Rde3 Rc6 37. h4 Kf6 38. Kg3 Rd6 39. Kh3 Bd5 40. g4 Rc6 41. Kg3 Rc1 42. h5 Rg1+ 43. Kf2 Ra1 44. hxg6 f4 45. Re2 Rc1 46. Re1 Rc3 47. Rxd5 exd5 48. Re2 Kxg6 49. Rd2 d4 50. Rxd4 Rc2+ 51. Ke1 Rxa2 52. Rd2 Ra3 53. Rd3 Ra2 54. Kd1 Kf6 55. Kc1 Ke5 56. Rd2 Ra1+ 57. Kb2 Rf1 58. Rd3 a5 59. Kc3 Rc1+ 60. Kb2 Rf1 61. g5 Kf5 62. Rd5+ Ke6 63. Rxa5 Rxf3 64. b4 Rg3 65. Kc2 f3 66. Ra3 Rxg5 67. Rxf3 Kd5 0-1


[Site "https://www.chess.com"]

[Event "Titled Tuesday Blitz December 13 Late 2022"]
[White "Osmonbekov, Talaibek"]
[Black "Buchenau, Frank"]
[WhiteFideId "2017253"]
[BlackFideId "4604350"]
[WhiteElo "2135"]
[BlackElo "2157"]
[Result "0-1"]
[Round "11"]
[TimeControl "180+1"]
[Date "2022.12.14"]
[WhiteClock "0:00:01"]
[BlackClock "0:00:15"]

1. d4 e6 2. Bf4 Nf6 3. Nc3 d5 4. e3 a6 5. Nf3 c5 6. dxc5 Bxc5 7. Bd3 Nc6 8. O-O O-O 9. e4 d4 10. Ne2 Nh5 11. Bd2 e5 12. a3 Bg4 13. Ng3 Nf4 14. h3 Be6 15. Bxf4 exf4 16. Nh5 Bd6 17. Qd2 Qc7 18. Rfe1 f6 19. e5 Bxe5 20. Qe2 Rae8 21. Qe4 g6 22. Nxd4 Nxd4 23. Nxf4 Bxf4 24. Qxd4 Be5 25. Qb4 a5 26. Qb5 Kg7 27. Rad1 Bd7 28. Qb3 Bc6 29. Be4 Bxe4 30. Rxe4 Bh2+ 31. Kh1 Rxe4 32. Qb5 Rf7 33. Qd5 Rfe7 34. g3 Bxg3 35. fxg3 Qxg3 0-1


[Site "https://www.chess.com"]

[Event "Titled Tuesday Blitz December 13 Late 2022"]
[White "Petrovic, Aleksa"]
[Black "Floresvillar Gonzalez, Luis Migu"]
[WhiteFideId "967629"]
[BlackFideId "5100542"]
[WhiteElo "2230"]
[BlackElo "2040"]
[Result "1-0"]
[Round "11"]
[TimeControl "180+1"]
[Date "2022.12.14"]
[WhiteClock "0:02:20"]
[BlackClock "0:02:20"]

1. d4 e6 2. c4 d5 3. Nf3 Be7 4. Nc3 Nf6 5. Bf4 O-O 6. e3 Ne4 7. Qc2 f5 8. cxd5 exd5 9. Nxd5 Qxd5 10. Bc4 c6 11. Bxd5+ cxd5 12. Bxb8 Rxb8 13. O-O Be6 14. Rac1 Rbc8 15. Qa4 a6 16. Ne5 f4 17. exf4 Rxc1 18. Rxc1 Rxf4 19. Qe8+ Rf8 20. Qxe7 Nxf2 1-0


[Site "https://www.chess.com"]

[Event "Titled Tuesday Blitz December 13 Late 2022"]
[White "Pham, Khoi"]
[Black "Ankerst, Mihael"]
[WhiteFideId "1054988"]
[BlackFideId "14602369"]
[WhiteElo "2514"]
[BlackElo "2377"]
[Result "0-1"]
[Round "11"]
[TimeControl "180+1"]
[Date "2022.12.14"]
[WhiteClock "0:00:01"]
[BlackClock "0:01:37"]

1. e4 c5 2. Nf3 Qb6 3. Nc3 Nc6 4. Bc4 e6 5. O-O a6 6. a4 d6 7. d3 Be7 8. h3 Nf6 9. Re1 Bd7 10. Be3 Qxb2 11. Qd2 Qb6 12. Rab1 Qc7 13. Bf4 Ne5 14. Nxe5 dxe5 15. Be3 O-O 16. a5 Rab8 17. Ne2 Bc6 18. f4 Bd6 19. Rf1 exf4 20. Nxf4 Rbd8 21. Qf2 Qxa5 22. Qh4 b5 23. Bb3 c4 24. dxc4 b4 25. Nd3 Nxe4 26. Ra1 Qc7 27. Bf4 e5 28. Be3 Bb7 29. c5 Nxc5 30. Nxb4 Nxb3 31. cxb3 Qc3 32. Bd2 Qxb3 0-1


[Site "https://www.chess.com"]

[Event "Titled Tuesday Blitz December 13 Late 2022"]
[White "Polster, Christian"]
[Black "Brown, Andrew"]
[WhiteFideId "12965081"]
[BlackFideId "3206513"]
[WhiteElo "2195"]
[BlackElo "2245"]
[Result "1/2-1/2"]
[Round "11"]
[TimeControl "180+1"]
[Date "2022.12.14"]
[WhiteClock "0:00:08"]
[BlackClock "0:00:04"]

1. e4 e5 2. Nf3 Nc6 3. Bc4 Bc5 4. c3 d6 5. d4 exd4 6. cxd4 Bb6 7. O-O Bg4 8. Be3 Qf6 9. d5 Ne5 10. Bb5+ c6 11. dxc6 bxc6 12. Be2 Bxf3 13. Bxf3 Nxf3+ 14. Qxf3 Qxf3 15. gxf3 Bxe3 16. fxe3 Ne7 17. Nc3 f5 18. Rad1 O-O-O 19. Kf2 Rhf8 20. Ke2 Kc7 21. Rc1 fxe4 22. Nxe4 h6 23. Rfd1 Nf5 24. Rc3 Rfe8 25. Kf2 Re5 26. Rdc1 c5 27. b4 Rde8 28. bxc5 d5 29. Nd6 Nxd6 30. cxd6+ Kxd6 31. Rc6+ Ke7 32. Rc7+ Kf8 33. R1c3 d4 34. exd4 Re2+ 35. Kg3 Rxa2 36. d5 Rd2 37. Rxa7 Rxd5 38. Rcc7 Rg5+ 39. Kf2 Kg8 40. h4 Rg6 41. h5 Rg5 42. f4 Rg4 43. Kf3 Rg1 44. Kf2 Rg4 45. Kf3 Rg1 46. Kf2 Rg4 1/2-1/2


[Site "https://www.chess.com"]

[Event "Titled Tuesday Blitz December 13 Late 2022"]
[White "Remizov, Yaroslav"]
[Black "Sarana, Alexey"]
[WhiteFideId "34134015"]
[BlackFideId "24133795"]
[WhiteElo "2415"]
[BlackElo "2708"]
[Result "1/2-1/2"]
[Round "11"]
[TimeControl "180+1"]
[Date "2022.12.13"]
[WhiteClock "0:00:04"]
[BlackClock "0:01:20"]

1. e4 c5 2. Nf3 d6 3. Bb5+ Bd7 4. c4 Nc6 5. Nc3 e5 6. O-O Nge7 7. d3 a6 8. Ba4 g6 9. Bg5 Bg7 10. Nd5 h6 11. Bxc6 hxg5 12. Bxd7+ Kxd7 13. Nxe7 Qxe7 14. Nd2 Rh4 15. g3 Rh3 16. Qg4+ Qe6 17. Qxe6+ Kxe6 18. f3 Rah8 19. Rf2 f5 20. Rb1 Bh6 21. Nf1 b5 22. b4 Rc8 23. cxb5 axb5 24. bxc5 Rxc5 25. Rfb2 g4 26. fxg4 fxg4 27. Rxb5 Rc3 28. R5b3 Rc2 29. R3b2 Rc3 30. Rb3 Rc2 31. R3b2 Rc3 32. Rb3 1/2-1/2


[Site "https://www.chess.com"]

[Event "Titled Tuesday Blitz December 13 Late 2022"]
[White "Rodriguez Fontecha, Marcos"]
[Black "Gasparyan, David"]
[WhiteFideId "2256576"]
[BlackFideId "13311980"]
[WhiteElo "2263"]
[BlackElo "2440"]
[Result "0-1"]
[Round "11"]
[TimeControl "180+1"]
[Date "2022.12.14"]
[WhiteClock "0:00:04"]
[BlackClock "0:00:28"]

1. Nf3 Nf6 2. g4 Nxg4 3. e4 d5 4. exd5 Qxd5 5. Nc3 Qe6+ 6. Be2 Qb6 7. d4 c6 8. Rg1 h5 9. Qd3 Nd7 10. h3 Ngf6 11. Ne5 e6 12. Bf4 Qxb2 13. Rb1 Qa3 14. Nc4 Qa6 15. Qf3 b5 16. Nd6+ Bxd6 17. Bxd6 g6 18. Nxb5 cxb5 19. Qxa8 Nb6 20. Qb8 Nfd7 21. Qc7 Nd5 22. Bxb5 Nxc7 23. Bxa6 Nxa6 24. Rg3 Nb6 25. Rc3 Bd7 26. Be5 Rg8 27. Ra3 Bc8 28. Rc3 Ke7 29. Ra3 f6 30. Bg3 Rd8 31. Rd1 Nd5 32. Rb3 Ndb4 33. c3 Nd5 34. c4 Nb6 35. c5 Nd5 36. Bd6+ Kd7 37. Rdb1 Kc6 38. Bg3 e5 39. dxe5 Nxc5 40. Ra3 fxe5 41. Bxe5 Re8 42. f4 Nxf4 43. Kf2 Rxe5 44. Kf3 Nfd3 45. Rb8 Bxh3 46. Rg8 Rf5+ 47. Kg3 Bg4 48. Rxg6+ Kd5 49. Rxa7 Ne4+ 50. Kh4 Ne5 51. Ra5+ Kd4 52. Ra4+ Ke3 53. Ra3+ Kf4 54. Rb6 Nf3+ 55. Rxf3+ Bxf3 56. a4 Rg5 57. Rb2 Rg4+ 58. Kh3 Ng5+ 59. Kh2 Rh4+ 60. Kg1 Rh1+ 61. Kf2 Ne4# 0-1


[Site "https://www.chess.com"]

[Event "Titled Tuesday Blitz December 13 Late 2022"]
[White "Rodriguez Santiago, Jaime"]
[Black "Sanchez, Robert"]
[WhiteFideId "3100898"]
[BlackFideId "2034360"]
[WhiteElo "2025"]
[BlackElo "2352"]
[Result "0-1"]
[Round "11"]
[TimeControl "180+1"]
[Date "2022.12.14"]
[WhiteClock "0:00:41"]
[BlackClock "0:00:43"]

1. c4 e6 2. Nf3 d5 3. g3 Nf6 4. Bg2 Be7 5. O-O O-O 6. b3 c6 7. Bb2 b6 8. e3 Bb7 9. Qe2 Nbd7 10. Nc3 Nc5 11. Ne1 Qd7 12. Rd1 Rad8 13. d3 Rfe8 14. f4 b5 15. cxb5 cxb5 16. g4 b4 17. Nb1 e5 18. f5 h6 19. Bxe5 a5 20. Bd4 Nh7 21. Nf3 Bf8 22. Qf2 Ba6 23. Ne1 a4 24. bxa4 Qxa4 25. h4 Qxd1 26. Bf3 Qxb1 27. Ng2 Qxd3 28. Nf4 Qxf1+ 29. Qxf1 Bxf1 30. Kxf1 Ne4 0-1


[Site "https://www.chess.com"]

[Event "Titled Tuesday Blitz December 13 Late 2022"]
[White "Samsonkin, Artiom"]
[Black "Sargsyan, Anna M."]
[WhiteFideId "13503111"]
[BlackFideId "13308130"]
[WhiteElo "2524"]
[BlackElo "2284"]
[Result "1-0"]
[Round "11"]
[TimeControl "180+1"]
[Date "2022.12.13"]
[WhiteClock "0:01:44"]
[BlackClock "0:01:43"]

1. e4 e5 2. Nf3 Nc6 3. d4 exd4 4. Bc4 Nf6 5. e5 d5 6. Bb5 Ne4 7. Nxd4 Bd7 8. Bxc6 bxc6 9. O-O Be7 10. f3 Nc5 11. f4 Ne4 12. Nc3 Nxc3 13. bxc3 O-O 14. f5 c5 15. Ne2 Bc6 16. f6 gxf6 17. Bh6 Re8 18. Nd4 Bd7 19. e6 Kh8 20. exd7 Qxd7 21. Nf5 Bf8 22. Bxf8 Rxf8 23. Qh5 Rg8 24. Rae1 Rg5 25. Qf3 Rag8 26. Rf2 d4 27. Ne7 R8g7 28. Qa8+ 1-0


[Site "https://www.chess.com"]

[Event "Titled Tuesday Blitz December 13 Late 2022"]
[White "Sariego Figueredo, Wilfredo"]
[Black "Steenbekkers, Franck"]
[WhiteFideId "3500080"]
[BlackFideId "1004220"]
[WhiteElo "2309"]
[BlackElo "1947"]
[Result "1-0"]
[Round "11"]
[TimeControl "180+1"]
[Date "2022.12.14"]
[WhiteClock "0:00:59"]
[BlackClock "0:01:16"]

1. d4 Nf6 2. Bf4 g6 3. Nc3 Bg7 4. e4 d5 5. e5 Ne4 6. Nxe4 dxe4 7. Qd2 c5 8. O-O-O cxd4 9. Qxd4 Qxd4 10. Rxd4 Bf5 11. Bb5+ Nc6 12. Bxc6+ bxc6 13. Ne2 O-O 14. Ng3 f6 15. exf6 Bxf6 16. Rc4 Rfc8 17. Nxe4 Bg7 18. Nc3 Rab8 19. Re1 e6 20. Bxb8 Rxb8 21. Rxc6 a5 22. f3 h5 23. h3 h4 24. b3 Rd8 25. Ne4 Bh6+ 26. Kb1 Bxe4 27. fxe4 Rd2 28. Rg1 Be3 29. Re1 Bh6 30. Rxe6 Rxg2 31. Rf1 Bg7 32. Re7 g5 33. e5 g4 34. hxg4 h3 35. Rff7 Rxg4 36. Rf3 h2 37. Re8+ Bf8 38. Rexf8+ Kg7 39. R8f7+ Kg6 40. R7f6+ Kg7 41. Rh3 Rg1+ 42. Kb2 h1=Q 43. Rxh1 Rxh1 44. Ra6 1-0


[Site "https://www.chess.com"]

[Event "Titled Tuesday Blitz December 13 Late 2022"]
[White "Seletsky, Grigory"]
[Black "Al-Tarboush, Ward"]
[WhiteFideId "14112191"]
[BlackFideId "7601450"]
[WhiteElo "2492"]
[BlackElo "2263"]
[Result "0-1"]
[Round "11"]
[TimeControl "180+1"]
[Date "2022.12.14"]
[WhiteClock "0:00:02"]
[BlackClock "0:00:36"]

1. Nf3 Nf6 2. c4 g6 3. Nc3 c5 4. b3 Bg7 5. Bb2 O-O 6. e3 Nc6 7. Be2 d5 8. cxd5 Nxd5 9. O-O Bg4 10. a3 e6 11. Qc2 Qf6 12. h3 Bxf3 13. Bxf3 Nxc3 14. Bxc3 e5 15. b4 Qd6 16. bxc5 Qxc5 17. Qb2 Rab8 18. Rfc1 Qe7 19. a4 f5 20. Bd5+ Kh8 21. d3 a5 22. Rab1 Qd6 23. Bc4 h5 24. Qb6 f4 25. e4 f3 26. g3 Qd7 27. Kh2 h4 28. g4 Bh6 29. Rd1 Bf4+ 30. Kh1 Rf6 31. Bd5 Rbf8 32. Qxb7 Qe8 33. Rb6 Nb4 34. Rxf6 Rxf6 35. Bxb4 axb4 36. Qxb4 Bg3 37. fxg3 hxg3 38. Qd2 Kg7 39. Qg5 Qh8 40. h4 g2+ 41. Kg1 Qd8 42. d4 Qa5 0-1


[Site "https://www.chess.com"]

[Event "Titled Tuesday Blitz December 13 Late 2022"]
[White "Simonovic, Miroslav"]
[Black "Burke, Paul"]
[WhiteFideId "919152"]
[BlackFideId "2605767"]
[WhiteElo "2057"]
[BlackElo "1912"]
[Result "0-1"]
[Round "11"]
[TimeControl "180+1"]
[Date "2022.12.14"]
[WhiteClock "0:00:56"]
[BlackClock "0:00:02"]

1. d4 a6 2. Bg5 d6 3. e3 h6 4. Bh4 g5 5. Bg3 Bg7 6. c4 e6 7. Nc3 Ne7 8. Bd3 Nd7 9. h4 Nf6 10. hxg5 hxg5 11. Rxh8+ Bxh8 12. Nge2 b6 13. Ne4 Bb7 14. Nxg5 Bxg2 15. Nf4 Bb7 16. Nfxe6 fxe6 17. Nxe6 Qd7 18. d5 Kf7 19. Qc2 Rc8 20. O-O-O b5 21. b3 bxc4 22. bxc4 c6 23. Ng5+ Kf8 24. Rh1 Bg7 25. Ne6+ Kf7 26. Ng5+ Kf8 27. Qa4 cxd5 28. Qxd7 Nxd7 29. Bxd6 dxc4 30. Bg6 Bxh1 31. Ne6+ Kg8 32. Bxe7 Ne5 33. Bf5 Re8 34. Bc5 Nd3+ 35. Bxd3 cxd3 36. Nf4 Rc8 37. Ne6 Bf8 38. Kd2 Bxc5 39. Nf4 Bb4+ 40. Kxd3 Rd8+ 41. Ke2 Rd2+ 42. Kf1 Rxa2 43. Kg1 Bf3 44. Nh3 Bd6 45. Nf4 Bxf4 46. exf4 Ra1+ 47. Kh2 Be4 48. Kg3 Bf5 49. Kf3 Ra2 50. Kg2 a5 51. Kg3 a4 52. f3 a3 53. Kh4 Rb2 54. Kg5 a2 55. Kxf5 a1=Q 56. Kg4 Qa5 57. f5 Rb4+ 58. f4 Qd5 59. Kg5 Qf7 60. f6 Rb6 61. f5 Qxf6+ 62. Kf4 Rb5 63. Ke3 Qxf5 64. Kd4 Rd5+ 65. Kc3 Qe4 66. Kb2 Rd3 67. Kc1 Qe2 68. Kb1 Rd1# 0-1


[Site "https://www.chess.com"]

[Event "Titled Tuesday Blitz December 13 Late 2022"]
[White "Sjugirov, Sanan"]
[Black "Martinez Ramirez, Lennis"]
[WhiteFideId "4189302"]
[BlackFideId "3509079"]
[WhiteElo "2613"]
[BlackElo "2439"]
[Result "1-0"]
[Round "11"]
[TimeControl "180+1"]
[Date "2022.12.13"]
[WhiteClock "0:01:34"]
[BlackClock "0:00:46"]

1. d4 d5 2. c4 e6 3. Nf3 Nf6 4. g3 dxc4 5. Bg2 a6 6. O-O Nc6 7. Be3 Rb8 8. Qc1 b5 9. b3 Na5 10. Nbd2 cxb3 11. axb3 Bb4 12. Ne5 Rb6 13. Qc2 Bd7 14. Ne4 O-O 15. Nxf6+ gxf6 16. Nd3 Nc6 17. d5 exd5 18. Bxd5 a5 19. Bxb6 cxb6 20. Bxc6 Qc7 21. Nxb4 Rc8 22. Bxd7 Qxd7 23. Qd3 Qh3 24. Nd5 Rc5 25. Nxf6+ Kg7 26. Qxh7+ 1-0


[Site "https://www.chess.com"]

[Event "Titled Tuesday Blitz December 13 Late 2022"]
[White "Souleidis, Georgios"]
[Black "Przybylski, Wojciech"]
[WhiteFideId "4206827"]
[BlackFideId "1117599"]
[WhiteElo "2401"]
[BlackElo "2217"]
[Result "1-0"]
[Round "11"]
[TimeControl "180+1"]
[Date "2022.12.14"]
[WhiteClock "0:00:27"]
[BlackClock "0:00:03"]

1. e4 e5 2. Nc3 Nf6 3. d4 exd4 4. Qxd4 Nc6 5. Qd3 Qe7 6. Bg5 h6 7. Nd5 Qd6 8. Nxf6+ gxf6 9. Qxd6 Bxd6 10. Bxf6 O-O 11. O-O-O Bf4+ 12. Kb1 Re8 13. Bd3 Nb4 14. g3 Bd6 15. f4 Nxd3 16. cxd3 b6 17. Nf3 Bb7 18. Rhe1 Re6 19. Bc3 f5 20. Nd4 Ree8 21. Nxf5 Bf8 22. g4 c5 23. Ng3 Bd6 24. Rf1 Bf8 25. h4 b5 26. b3 c4 27. dxc4 bxc4 28. Rxd7 Bc8 29. Rd2 Bxg4 30. Rg1 Kh7 31. f5 Rad8 32. Rgg2 Rd3 33. Rxd3 cxd3 34. Rd2 Rd8 35. Kb2 Bc5 36. Bf6 Rd7 37. Kc3 Rc7 38. Kxd3 Bb4 39. Rc2 Rd7+ 40. Ke3 Ba5 41. Bd4 Bd8 42. f6 Kg6 43. e5 Be6 44. Rg2 Kf7 45. Ne4 Kf8 46. Nd6 Bc7 47. Nc4 Bxc4 48. bxc4 a5 49. a3 Kf7 50. a4 Ke6 51. Rg7 Rxg7 52. fxg7 Kf7 53. e6+ Kg8 54. Ke4 Bd6 55. Kf5 h5 56. Kg6 Bc5 57. Bc3 Bb4 58. Bb2 Bc5 59. Kxh5 Bb4 60. Kg4 Bc5 61. Kf5 Bd6 62. Ke4 Bc5 63. Kd5 Bb4 64. Kc6 Be7 65. Kd7 Bxh4 66. e7 Bxe7 67. Kxe7 Kh7 68. Kf7 Kh6 69. g8=Q Kh5 70. Qg3 Kh6 71. Qg6# 1-0


[Site "https://www.chess.com"]

[Event "Titled Tuesday Blitz December 13 Late 2022"]
[White "Svane, Rasmus"]
[Black "Goroshkov, Maksym"]
[WhiteFideId "4657101"]
[BlackFideId "14142716"]
[WhiteElo "2674"]
[BlackElo "2258"]
[Result "0-1"]
[Round "11"]
[TimeControl "180+1"]
[Date "2022.12.13"]
[WhiteClock "0:00:18"]
[BlackClock "0:00:16"]

1. Nf3 Nf6 2. g3 d5 3. Bg2 c5 4. O-O Nc6 5. d4 cxd4 6. Nxd4 e5 7. Nxc6 bxc6 8. c4 Be6 9. Nc3 Rc8 10. Qa4 Qd7 11. cxd5 cxd5 12. Qxd7+ Kxd7 13. Rd1 Bc5 14. Na4 Bd6 15. Bg5 e4 16. Nc3 Rc5 17. Rd2 Rb8 18. Rad1 Rxb2 19. Rxb2 Rxc3 20. Be3 Bc5 21. Bxc5 Rxc5 22. Rb7+ Kd6 23. Rxa7 Rc2 24. e3 Ng4 25. Bxe4 Rb2 26. Bxd5 Nxf2 27. Rd4 Bxd5 28. Ra5 Ke6 29. Raxd5 Rxa2 30. Rd2 Rxd2 31. Rxd2 Ne4 32. Rc2 Kf5 33. Rc7 Kg6 34. Kg2 f5 35. Rc6+ Kf7 36. Kf3 g6 37. Kf4 Kg7 38. g4 Nf6 39. gxf5 gxf5 40. Kxf5 Nd5 41. e4 Ne7+ 42. Ke6 Nxc6 43. Kd6 Nd4 44. e5 Kf7 45. Kd7 Ne6 46. Kd6 Nf4 47. Kd7 h5 48. h4 Ng6 49. e6+ Kf6 50. Kd6 Nxh4 51. e7 Nf5+ 52. Kd5 Nxe7+ 53. Ke4 Kg5 54. Kf3 Nf5 55. Kg2 Kg4 56. Kh2 h4 57. Kg2 h3+ 58. Kh2 Kh4 59. Kh1 Kg3 60. Kg1 Ne3 61. Kh1 Ng4 62. Kg1 Nf2 63. Kf1 h2 64. Ke2 h1=Q 65. Kd2 Qf3 66. Kc2 Nh3 67. Kb2 Qd3 68. Ka2 Qc3 69. Kb1 Qd2 70. Ka1 Kf3 71. Kb1 Ke3 72. Ka1 Kd3 73. Kb1 Kc3 74. Ka1 Qb2# 0-1


[Site "https://www.chess.com"]

[Event "Titled Tuesday Blitz December 13 Late 2022"]
[White "Thomforde-Toates, Noah"]
[Black "Bjelobrk, Igor"]
[WhiteFideId "30951992"]
[BlackFideId "4300726"]
[WhiteElo "2602"]
[BlackElo "2335"]
[Result "0-1"]
[Round "11"]
[TimeControl "180+1"]
[Date "2022.12.13"]
[WhiteClock "0:00:03"]
[BlackClock "0:00:08"]

1. d4 d5 2. Nc3 Nf6 3. Bf4 e6 4. e3 Bb4 5. Bd3 c5 6. dxc5 Nbd7 7. Ne2 Nxc5 8. a3 Nxd3+ 9. Qxd3 Be7 10. O-O O-O 11. Rfd1 b6 12. e4 dxe4 13. Qc4 Qe8 14. Nxe4 Nxe4 15. Qxe4 Bd7 16. Ng3 Bc6 17. Qe3 Bc5 18. Qc3 Rc8 19. Bd6 Bxd6 20. Rxd6 Bxg2 21. Qd3 Bd5 22. Re1 Bc4 23. Qd4 Qe7 24. b3 Bb5 25. c4 Bc6 26. h4 Rfd8 27. Nh5 Qf8 28. Rd1 Rxd6 29. Qxd6 Qxd6 30. Rxd6 Kf8 31. Nf4 Ke7 32. Rd2 Rd8 33. Rxd8 Kxd8 34. Nd3 Ke7 35. Kf1 f6 36. Ke2 e5 37. Ke3 Ke6 38. b4 g5 39. hxg5 fxg5 40. b5 Be8 41. a4 Bg6 42. Nb4 h5 43. Nc6 Bc2 44. Nxa7 h4 45. c5 bxc5 46. b6 Kd6 0-1


[Site "https://www.chess.com"]

[Event "Titled Tuesday Blitz December 13 Late 2022"]
[White "Timmermans, Mark"]
[Black "Melkumyan, Hrant"]
[WhiteFideId "1026399"]
[BlackFideId "13302485"]
[WhiteElo "2460"]
[BlackElo "2604"]
[Result "0-1"]
[Round "11"]
[TimeControl "180+1"]
[Date "2022.12.13"]
[WhiteClock "0:00:14"]
[BlackClock "0:00:09"]

1. b4 d5 2. Bb2 Nf6 3. e3 Bg4 4. Nf3 Nbd7 5. Be2 Bxf3 6. Bxf3 e5 7. a3 e4 8. Be2 Bd6 9. d3 Qe7 10. Nd2 Be5 11. d4 Bd6 12. c4 c6 13. b5 O-O 14. Qb3 a5 15. c5 Bc7 16. bxc6 bxc6 17. Qb7 Rfc8 18. Bc3 a4 19. Qxc6 Nf8 20. Qb5 Rcb8 21. Qc6 Ne6 22. Rb1 Rc8 23. Qb5 Rcb8 24. Qc6 Rc8 25. Qb5 h5 26. h3 g6 27. Bd1 Ng7 28. Bxa4 Nf5 29. Bd1 Nh4 30. g3 Nf5 31. Rg1 Rxa3 32. Bb4 Raa8 33. c6 Bd6 34. Bxd6 Nxd6 35. Qe2 Rxc6 36. Kf1 Ra2 37. Bb3 Ra3 38. Kg2 Qc7 39. Rgd1 Rc3 40. Qe1 Kg7 41. Rdc1 Nf5 42. Rxc3 Qxc3 43. Qc1 Qa5 44. Bd1 Rd3 45. Rb2 Qa3 46. Be2 Rc3 47. Qb1 h4 48. g4 Nxe3+ 49. fxe3 Rxe3 50. Nf1 Rxe2+ 51. Rxe2 Qf3+ 52. Kg1 Qxe2 53. Qb3 Qc4 54. Qxc4 dxc4 55. Ne3 c3 56. Kf2 Nd5 57. Nc2 f5 58. gxf5 gxf5 59. Ke2 f4 60. Ne1 f3+ 61. Kf2 Kf6 0-1


[Site "https://www.chess.com"]

[Event "Titled Tuesday Blitz December 13 Late 2022"]
[White "Toncheva, Nadya"]
[Black "Dudzinski, Pawel"]
[WhiteFideId "2924056"]
[BlackFideId "1117890"]
[WhiteElo "2101"]
[BlackElo "2099"]
[Result "0-1"]
[Round "11"]
[TimeControl "180+1"]
[Date "2022.12.14"]
[WhiteClock "0:00:02"]
[BlackClock "0:00:25"]

1. e4 c6 2. d4 d5 3. Nc3 g6 4. Nf3 Bg7 5. Be3 Bg4 6. Be2 dxe4 7. Nxe4 Nd7 8. h3 Bxf3 9. Bxf3 Ngf6 10. Nxf6+ Nxf6 11. c3 Nd5 12. Qd2 Qa5 13. O-O O-O 14. Bh6 Rfe8 15. Bxg7 Kxg7 16. b4 Qa3 17. Rac1 Rad8 18. h4 e5 19. h5 e4 20. Be2 f5 21. Qg5 Nxc3 22. h6+ Kf7 23. Rxc3 Qxc3 24. Rc1 Qxd4 25. Bc4+ Rd5 26. Qf4 Qe5 27. Qe3 a6 28. Qb6 Re7 29. Qd8 e3 30. Bxd5+ Qxd5 31. Qxd5+ cxd5 32. fxe3 Rxe3 33. Rc7+ Re7 34. Rc8 Rd7 35. Rh8 Kf6 36. Kf2 Kg5 37. Re8 Kxh6 38. Re6 Kg5 39. Kf3 d4 40. Rb6 d3 0-1


[Site "https://www.chess.com"]

[Event "Titled Tuesday Blitz December 13 Late 2022"]
[White "Topalov, Aleksandar"]
[Black "Forgacs, Attila Jr."]
[WhiteFideId "925659"]
[BlackFideId "773654"]
[WhiteElo "2151"]
[BlackElo "2168"]
[Result "1-0"]
[Round "11"]
[TimeControl "180+1"]
[Date "2022.12.14"]
[WhiteClock "0:00:03"]
[BlackClock "0:00:04"]

1. b3 g6 2. Bb2 Nf6 3. Bxf6 exf6 4. c4 Bg7 5. Nc3 O-O 6. e3 f5 7. Nge2 b6 8. Rc1 Bb7 9. Nd5 d6 10. g3 c6 11. Ndc3 Nd7 12. Bg2 Nf6 13. O-O Qe7 14. d3 Rad8 15. b4 c5 16. Bxb7 Qxb7 17. bxc5 dxc5 18. Nf4 Rfe8 19. Ncd5 Nxd5 20. Nxd5 Qc6 21. a4 Qd6 22. Qf3 Qd7 23. Qd1 Rb8 24. Rb1 Rb7 25. Rb5 Reb8 26. Qc2 a6 27. Rbb1 b5 28. axb5 axb5 29. Rb3 bxc4 30. Rxb7 Qxb7 31. dxc4 Qb3 32. Qxb3 Rxb3 33. Rc1 Bb2 34. Rc2 Kg7 35. Kg2 Be5 36. h4 h6 37. Kf3 Ra3 38. Kg2 g5 39. hxg5 hxg5 40. Kf1 Kg6 41. Ke2 f6 42. f4 gxf4 43. gxf4 Bd6 44. Kd2 Ra4 45. Kc3 Kf7 46. Kb3 Ra8 47. Ra2 Rb8+ 48. Kc3 Rh8 49. Ra7+ Kg6 50. Ra6 Rd8 51. Rc6 Kf7 52. Ra6 Be7 53. Ra7 Re8 54. Kb3 Kf8 55. Ka4 Bd6 56. Kb5 Rb8+ 57. Kc6 Be7 58. Rxe7 Rb3 59. Re6 Kf7 60. Re7+ Kf8 61. Kxc5 Rd3 62. Kd6 Rd1 63. Ke6 Rc1 64. Kxf6 Re1 65. Rf7+ Ke8 66. Re7+ Kd8 67. Kxf5 Rc1 68. e4 Rxc4 69. Re6 Rc5 70. Re5 Rc7 71. Ke6 Ra7 72. f5 Ra6+ 73. Kf7 Kd7 74. Re7+ Kd8 75. Re8+ Kd7 76. Nf6+ Kc7 77. Re7+ Kd8 78. Re8+ Kc7 79. e5 Ra1 80. e6 Rh1 81. e7 Rh6 82. Rd8 1-0


[Site "https://www.chess.com"]

[Event "Titled Tuesday Blitz December 13 Late 2022"]
[White "Vargas, Mauricio"]
[Black "Torres Dominguez, David"]
[WhiteFideId "4404572"]
[BlackFideId "2220857"]
[WhiteElo "2025"]
[BlackElo "2037"]
[Result "0-1"]
[Round "11"]
[TimeControl "180+1"]
[Date "2022.12.14"]
[WhiteClock "0:00:43"]
[BlackClock "0:01:05"]

1. e4 Nc6 2. Nc3 e5 3. f4 Bc5 4. Nf3 d6 5. a3 Nf6 6. Bc4 O-O 7. d3 Re8 8. Na4 Bb6 9. Nxb6 axb6 10. f5 d5 11. Bb3 dxe4 12. dxe4 Qxd1+ 13. Kxd1 Nxe4 14. Ke2 Nd4+ 15. Nxd4 exd4 16. Kf3 Bxf5 17. h3 Bg6 18. Bf4 c5 19. Rhe1 Rac8 20. Re2 b5 21. Rae1 c4 22. Ba2 h6 23. b3 d3 24. cxd3 cxd3 25. Rb2 Ng5+ 26. Bxg5 Rxe1 27. Bd2 Rc2 28. Rxc2 dxc2 29. b4 c1=Q 30. Bxc1 Rxc1 31. Bd5 Rc3+ 32. Kf2 Rxa3 33. Bxb7 Rb3 34. Bd5 Rxb4 35. g4 Be4 36. Bxe4 Rxe4 37. Kf3 Ra4 38. h4 g5 39. hxg5 hxg5 40. Kg3 Rf4 41. Kh3 b4 0-1


[Site "https://www.chess.com"]

[Event "Titled Tuesday Blitz December 13 Late 2022"]
[White "Vasquez Schroeder, Rodrigo"]
[Black "So, Wesley"]
[WhiteFideId "3400042"]
[BlackFideId "5202213"]
[WhiteElo "2603"]
[BlackElo "2763"]
[Result "0-1"]
[Round "11"]
[TimeControl "180+1"]
[Date "2022.12.13"]
[WhiteClock "0:00:12"]
[BlackClock "0:00:12"]

1. e4 c5 2. Nf3 d6 3. d4 cxd4 4. Nxd4 Nf6 5. Nc3 Bd7 6. Bg5 e6 7. Ndb5 Bc6 8. Bxf6 gxf6 9. Qd2 a6 10. Nd4 Bd7 11. O-O-O Nc6 12. Kb1 Qb6 13. Nb3 Qc7 14. Be2 h5 15. f4 b5 16. Bf3 b4 17. Ne2 a5 18. Rhe1 a4 19. Nbd4 Rb8 20. Nxc6 Bxc6 21. Nd4 Bd7 22. Rc1 Bg7 23. c3 Qb6 24. Red1 Ke7 25. cxb4 Qxb4 26. Rc7 Qxd2 27. Rxd2 Rb6 28. Rdc2 f5 29. Nc6+ Rxc6 30. R2xc6 fxe4 31. Bxe4 d5 32. Bd3 Rb8 33. Ra6 Bxb2 34. Kc2 Bd4 35. Rxa4 Bb6 36. Rxd7+ Kxd7 37. g3 h4 38. Be2 Rh8 39. f5 hxg3 40. fxe6+ fxe6 41. hxg3 Rh2 42. Kd1 e5 43. Ra6 Kc7 44. Ra4 e4 45. Rb4 Rh1+ 46. Kc2 Rh2 47. Kd1 Bc5 48. Rb5 Kd6 49. Rb8 Rh1+ 50. Kd2 Ra1 51. Ra8 Ke5 52. Kc3 Rc1+ 53. Kd2 Ra1 54. Kc3 Re1 55. Re8+ Kd6 56. Kd2 Bb4+ 57. Ke3 Bc5+ 58. Kd2 Ra1 59. Ra8 Bf2 60. Bb5 Bxg3 61. Ra6+ Kc5 62. Be2 Bf4+ 63. Kc2 d4 64. Ra5+ Kd6 65. Bc4 Rc1+ 66. Kb3 Rc3+ 67. Kb4 Be3 68. Rd5+ Kc6 69. Re5 Bd2 70. Re6+ Kd7 71. Rxe4 Re3+ 72. Kc5 Rxe4 73. Kd5 Rf4 74. Bd3 Rh4 75. Ke5 Bc3 76. Kd5 Rh2 77. a4 Rd2 78. Bc4 Kc7 79. Kc5 Kb7 80. Kb5 Ka7 81. a5 Rb2+ 82. Kc5 Bxa5 83. Kxd4 Bb6+ 84. Kc3 Rb1 85. Bd3 Ra1 86. Kc4 Ra5 87. Be4 Rc5+ 88. Kb4 Kb8 0-1


[Site "https://www.chess.com"]